 Dungeon Crawl Stone Soup version 0.30.0-10-gfe55d96785 (webtiles) character file.

Game seed: 7802218622458823118

38 qeuew the Covered (level 3, -1/33 HPs)
             Began as a Minotaur Fighter on May 15, 2023.
             Succumbed to Crazy Yiuf's poison
             ... on level 2 of the Dungeon.
             The game lasted 00:01:05 (1399 turns).

qeuew the Covered (Minotaur Fighter)                Turns: 1399, Time: 00:01:05

Health: -1/33      AC:  7    Str: 20    XL:     3   Next: 25%
Magic:  2/2        EV:  9    Int:  5    God:
Gold:   128        SH:  4    Dex: 11    Spells: 2/2 levels left

rFire   . . .        a - +0 war axe
rCold   . . .        c - +0 buckler
rNeg    . . .        b - +0 scale mail
rPois   .            (helmet restricted)
rElec   .            (no cloak)
rCorr   .            (no gloves)
SInv    .            (no boots)
Will    .....        (no amulet) Stlth
                     (no ring)
HPRegen 0.25/turn    (no ring)
MPRegen 0.08/turn

%: no passive effects
@: lethally poisoned (-1 -> -15)
A: horns 2, retaliatory headbutt
a: no special abilities


You were on level 2 of the Dungeon.
You visited 1 branch of the dungeon, and saw 2 of its levels.

You collected 128 gold pieces.

Inventory:

Hand Weapons
 a - a +0 war axe (weapon)
Armour
 b - a +0 scale mail (worn)
 c - a +0 buckler (worn)
Scrolls
 f - 2 scrolls of identify
 k - a scroll of enchant weapon {unknown}
 l - a scroll of blinking {unknown}
 m - a scroll of poison {unknown}
Potions
 d - 2 potions of might
 e - 2 potions of ambrosia {unknown}
 g - 3 potions of curing
 h - a potion of resistance
 i - 3 potions of attraction {unknown}
 j - a potion of mutation {unknown}
 n - a potion of flight {unknown}


   Skills:
 + Level 3.9 Fighting
 + Level 2.8 Axes
 * Level 4.2 Armour
 + Level 1.0 Dodging
 + Level 4.0 Shields


You had 2 spell levels left.
You didn't know any spells.
Your spell library contained the following spells:

 Spells                   Type           Power      Damage    Failure   Level
 Kiss of Death            Conj/Necr      0%         2d5       88%         1
 Cigotuvi's Dreadful Rot  Necr/Pois/Air  0%         N/A       95%         2
 Confusing Touch          Hex            0%         N/A       99%         3
 Dispel Undead            Necr           0%         3d6       100%        4
 Death Channel            Necr           0%         N/A       100%        6


Dungeon Overview and Level Annotations

Branches:
Dungeon (2/15)

Altars:

Annotations:
D:2 Crazy Yiuf


Innate Abilities, Weirdness & Mutations

You have a pair of horns on your head.
You reflexively headbutt those who attack you in melee.


Message History

l - a scroll labelled QOGIAS UNISH No target in view!
There is a stone staircase leading down here.
m - a scroll labelled ARISEHAULE No target in view!
Key pressed, stopping explore.
No target in view!
Things that are here:
a +0 club; 2 stones Key pressed, stopping explore.
No target in view!
No target in view!
n - a murky blue potion No target in view!
You now have 128 gold pieces (gained 17).
There is a stone staircase leading down here.
You see here a bat skeleton.
Items here: ))) รท.
Key pressed, stopping explore.
No target in view!
You see here a +0 club.
Crazy Yiuf shouts!
No reachable target in view!
Could not explore, unopened runed door.
No reachable target in view!
Could not explore, unopened runed door.
You open the door.
Crazy Yiuf drinks a potion.
Crazy Yiuf flickers and vanishes!
Deactivating autopickup; reactivate with Ctrl-A.
Something hits you! Something freezes you.
There is an open translucent door here.
You barely miss something. You headbutt something. Something hits you!
Something freezes you.
* * * LOW HITPOINT WARNING * * *
Something hits you but does no damage.
You slash something! Something hits you.
* * * LOW HITPOINT WARNING * * *
You are lethally poisoned!
You closely miss something.
You die...

#.# #.# #....# #.#########.
#.# ##.# #....# #.#########.
#.# #..# ##...# #......####.
#.# #.)# ##.## #.....#####.
#.# #..# ##.# #.###.......
#.# #..# #.## #.# #.#####.
#####.# #..# ##.# #.# #.# #.
......###..# #.## #.###.# #.
####..#...## #@# #.....# #.
.###.......# #.{.#
#####.#####. ...........#
#...# #....... )###)>.....#
#)..# ###.#### ...).......#
##### ###.#### .###.......#
#.....## .# ##......###
#########.....#. .#
##.....#.#####...............
.#
#.............>.#####.....#.


There were no monsters in sight!

Vanquished Creatures
  A worm (D:2)
  4 ball pythons
  3 endoplasms
  A giant cockroach (D:1)
  5 goblins
  4 hobgoblins (D:1)
  5 kobolds
  A quokka (D:2)
  4 bats
  3 rats (D:1)
31 creatures vanquished.

Notes
Turn   | Place    | Note
-------+----------+-------------------------------------------
     0 | D:1      | qeuew the Minotaur Fighter began the quest for the Orb.
     0 | D:1      | Reached XP level 1. HP: 19/19 MP: 0/0
    98 | D:1      | Reached XP level 2. HP: 27/27 MP: 1/1
   864 | D:2      | Reached skill level 1 in Dodging
   955 | D:2      | Reached XP level 3. HP: 32/33 MP: 2/2
  1096 | D:2      | Found a runed translucent door.
  1097 | D:2      | Noticed Crazy Yiuf
  1399 | D:2      | Succumbed to Crazy Yiuf's poison

Illustrated notes

Levels and vault maps discovered:
D:1:      roderic_octagonal_star, layout_basic
D:2:      layout_loops_ring, reono_crystal_passage, uniq_crazy_yiuf_cottage

Skill      XL: |  1  2 |
---------------+-------+-----
Armour         | 4 |  4.2
Shields        | 4 |  4.0
Dodging        | 1 |  1.0
Fighting       | |  3.9
Axes           | |  2.8

Action                     || total
---------------------------++-------
  Melee: War axe           ||    60
         Headbutt          ||     7
    Use: Scroll            ||     3
 Armour: Scale mail        ||    32
  Dodge: Dodged            ||    21
  Block: Buckler           ||    15
